 Dungeon Crawl Stone Soup version 0.23.0 (webtiles) character file.

Game seed: 11442238691110892039

8332 Vesto the Cleaver (level 11, -2/99 HPs)
             Began as a Hill Orc Fighter on Feb 10, 2019.
             Was an Elder of Okawaru.
             Slain by a ten-headed hydra (11 damage)
             ... on level 10 of the Dungeon.
             The game lasted 00:23:18 (9904 turns).

Vesto the Cleaver (Hill Orc Fighter)                Turns: 9904, Time: 00:23:18

Health: -2/99      AC: 18    Str: 28    XL:     11   Next: 29%
Magic:  9/16       EV: 14    Int:  9    God:    Okawaru [****..]
Gold:   266        SH:  6    Dex: 10    Spells: 14/17 levels left

rFire    . . .     SeeInvis .   b - +0 hand axe (venom)
rCold    . . .     Gourm    .   c - +0 buckler
rNeg     . . .     Faith    .   v - +3 scale mail
rPois    +         Spirit   .   t - +0 helmet
rElec    .         Reflect  .   u - +2 cloak
rCorr    .         Harm     .   s - +0 pair of gloves
MR       .....                  (no boots)
Stlth    +.........             o - amulet of rage
HPRegen  0.26/turn              x - +6 ring of strength
MPRegen  0.15/turn              h - ring of poison resistance

@: heroism, finesse, hasted, very quick
A: no striking features
a: Heroism, Renounce Religion, Evoke Berserk Rage


You were on level 10 of the Dungeon.
You worshipped Okawaru.
Okawaru was greatly pleased with you.
You were not hungry.

You visited 2 branches of the dungeon, and saw 12 of its levels.

You collected 486 gold pieces.
You spent 220 gold pieces at shops.

Inventory:

Hand Weapons
 a - a +1 war axe
 b - a +0 hand axe of venom (weapon)
 A - a +0 battleaxe
Missiles
 y - 3 javelins of returning (quivered)
 J - 8 silver javelins
Armour
 c - a +0 buckler (worn)
 s - a +0 pair of gloves (worn)
 t - a +0 helmet (worn)
 u - a +2 cloak (worn)
 v - a +3 scale mail (worn)
Magical Staves
 w - an uncursed staff of energy
Jewellery
 h - a ring of poison resistance (right hand)
 i - an uncursed ring of protection from magic
 j - a +5 ring of evasion
 o - an amulet of rage (around neck)
 x - a +6 ring of strength (left hand)
 F - an uncursed amulet of harm {unknown}
Wands
 e - a wand of acid (12)
 n - a wand of flame (7)
 H - a wand of random effects (10)
Scrolls
 d - 3 scrolls of remove curse
 k - 2 scrolls of magic mapping
 l - 8 scrolls of identify
 m - 3 scrolls of enchant armour
 p - 2 scrolls of amnesia
 q - 2 scrolls of immolation
 r - a scroll of enchant weapon
 B - a scroll of fog
 E - a scroll of blinking
Potions
 g - a potion of cancellation
 z - 2 potions of curing
 I - a potion of agility
Miscellaneous
 C - a phantom mirror
Comestibles
 f - 17 rations
 G - a chunk of flesh


   Skills:
 * Level 10.0(15.0) Fighting
 * Level 10.4(15.4) Axes
 - Level 3.0(8.0) Throwing
 + Level 6.7(11.7) Armour
 - Level 4.0(9.0) Dodging
 - Level 4.0(9.0) Shields
 + Level 3.9 Spellcasting
 + Level 3.9 Translocations
 + Level 6.2 Invocations
 + Level 5.0 Evocations


You had 14 spell levels left.
You knew the following spells:

 Your Spells              Type           Power        Failure   Level  Hunger
a - Blink                 Tloc           N/A          16%         2    ###....
b - Magic Dart            Conj           #...         45%         1    #......

Your spell library contained the following spells:

 Spells                   Type           Power        Failure   Level  Hunger
 Call Imp                 Summ           #.......     61%         2    ###....
 Slow                     Hex            #.......     61%         2    ###....
 Conjure Flame            Conj/Fire      #.......     83%         3    ###....
 Mephitic Cloud           Conj/Pois/Air  #.......     83%         3    ###....


Dungeon Overview and Level Annotations

Branches:
Dungeon (11/15)            Temple (1/1) D:4            Lair (0/6) D:9
    Orc (0/2) D:9

Altars:
Ashenzari
Cheibriados
Dithmenos
Elyvilon
Gozag
Hepliaklqana
Kikubaaqudgha
Makhleb
Nemelex Xobeh
Okawaru
Qazlal
Ru
Sif Muna
Trog
Uskayaw
Vehumet
Wu Jian
Xom
Yredelemnul
Zin
The Shining One

Shops:
D:6 *


Message History

The nine-headed hydra closely misses you.
The nine-headed hydra bites you.
* * * LOW HITPOINT WARNING * * *
The nine-headed hydra bites you.
* * * LOW HITPOINT WARNING * * *
The nine-headed hydra closely misses you.
You block the nine-headed hydra's attack.
You chop one of the nine-headed hydra's heads off!
The eight-headed hydra grows two more!
You slash the ten-headed hydra!
The ten-headed hydra is lightly wounded.
Unknown command.
You hit the ten-headed hydra but do no damage.
The ten-headed hydra is poisoned.
The ten-headed hydra is lightly wounded.
The ten-headed hydra bites you!
* * * LOW HITPOINT WARNING * * *
The ten-headed hydra completely misses you.
The ten-headed hydra bites you but does no damage.
The ten-headed hydra bites you!
You die...

.......((.......)...#
....####(.....#....##
..###
#.####[##.#......#
..# #.# #.##.#####.##
.## #)# #)##.# # .#
#.# #.##.#####.# .#
#.# #.##..>....# .#
#.# #.##........ [##
#.# #.##@....... ..#
#.........D..)... #.#
######..........# #.#
####........ #.#####
####..### #.....# ..#
#####.####### ..#
#....#...####### .#
###..#.#..........


You could see a ten-headed hydra.

Vanquished Creatures
  The ghost of feta the Cleaver, a journeyman FoFi of Okawaru (D:10)
  A two-headed ogre (D:7)
  A hornet (D:6)
  A slime creature (D:7)
  Sigmund (D:5)
  8 yaks
  A wyvern (D:10)
  A water moccasin (D:6)
  2 porcupines (D:9)
  5 orc warriors
  2 sky beasts
  An ice beast (D:10)
  3 black bears
  A hornet zombie (D:9)
  2 phantoms
  6 ogres
  4 centaurs
  A crocodile (D:9)
  6 bullfrogs
  A big kobold (D:7)
  2 wyvern zombies
  6 scorpions
  3 killer bees (D:9)
  5 howler monkeys
  5 crimson imps
  A bullfrog zombie (D:10)
  A centaur zombie (D:6)
  4 hounds
  5 jellies
  4 orc priests
  Crazy Yiuf (D:2)
  A bullfrog skeleton (D:8)
  A centaur skeleton (D:4)
  A gnoll shaman (D:7)
  An iguana (D:5)
  9 orc wizards
  5 worker ants
  A hound skeleton (D:5)
  4 gnolls (D:7)
  13 adders
  A shadow imp (D:9)
  6 oozes
  2 adder skeletons
  7 worms
  10 dart slugs
  9 leopard geckos
  34 orcs
  6 giant cockroaches
  5 goblins
  6 hobgoblins
  8 jackals
  10 kobolds
  A quokka (D:9)
  3 ball pythons
  4 bats
  9 frilled lizards
  A leopard gecko zombie (D:3)
  A quokka skeleton (D:7)
  9 rats
254 creatures vanquished.

Vanquished Creatures (others)
  A dart slug (D:3)
  A plant (D:9)
2 creatures vanquished.

Grand Total: 256 creatures vanquished

Notes
Turn   | Place    | Note
-------+----------+-------------------------------------------
     0 | D:1      | Vesto the Hill Orc Fighter began the quest for the Orb.
     0 | D:1      | Reached XP level 1. HP: 19/19 MP: 1/1
   166 | D:3      | Reached XP level 2. HP: 27/27 MP: 2/2
   367 | D:3      | Reached XP level 3. HP: 33/33 MP: 3/3
   563 | D:3      | Reached XP level 4. HP: 36/40 MP: 4/4
   707 | D:3      | Reached skill level 1 in Throwing
   829 | D:4      | Reached XP level 5. HP: 42/47 MP: 6/6
   903 | D:4      | Reached skill level 1 in Dodging
   920 | D:4      | Reached skill level 1 in Spellcasting
   998 | D:4      | Noticed an ogre
  1008 | D:4      | Killed an ogre
  1008 | D:4      | Reached skill level 5 in Fighting
  1008 | D:4      | Reached XP level 6. HP: 21/56 MP: 7/7
  1238 | D:5      | Entered Level 5 of the Dungeon
  1277 | D:4      | Reached skill level 1 in Evocations
  1444 | D:4      | Found a staircase to the Ecumenical Temple.
  1461 | Temple   | Entered the Ecumenical Temple
  1571 | Temple   | Became a worshipper of Warmaster Okawaru
  2082 | D:1      | Reached skill level 5 in Axes
  2372 | D:2      | Learned a level 2 spell: Blink
  2594 | D:2      | Reached XP level 7. HP: 60/61 MP: 9/9
  2603 | D:2      | Found a runed translucent door.
  2604 | D:2      | Noticed Crazy Yiuf
  2921 | D:2      | Killed Crazy Yiuf
  3619 | D:5      | Reached skill level 1 in Invocations
  3904 | D:5      | Reached XP level 8. HP: 58/70 MP: 10/10
  3908 | D:5      | Noticed Sigmund
  3913 | D:5      | Reached skill level 1 in Translocations
  3930 | D:5      | Killed Sigmund
  3930 | D:5      | Reached * piety under Okawaru
  4129 | D:5      | Found a stormy altar of Qazlal.
  5019 | D:6      | Reached XP level 9. HP: 78/78 MP: 10/12
  5026 | D:6      | Reached skill level 5 in Armour
  5142 | D:6      | Found Hewuen's Serpentskin Sales.
  5453 | D:6      | Bought an uncursed ring of poison resistance for 220 gold
                  | pieces
  5661 | D:7      | Noticed a hornet
  5688 | D:6      | Reached ** piety under Okawaru
  5802 | D:7      | Paralysed by a hornet for 2 turns
  5815 | D:6      | Paralysed by a hornet for 1 turns
  5820 | D:6      | Killed a hornet
  6415 | D:7      | Noticed a six-headed hydra
  6423 | D:7      | Noticed a two-headed ogre
  6519 | D:7      | HP: 4/81 [two-headed ogre/+0 giant club (12)]
  6520 | D:7      | Killed a two-headed ogre
  6520 | D:7      | Reached *** piety under Okawaru
  6520 | D:7      | Reached XP level 10. HP: 4/89 MP: 11/14
  7409 | D:8      | Received a gift from Okawaru
  7409 | D:8      | Reached skill level 5 in Invocations
  7528 | D:10     | Entered Level 10 of the Dungeon
  8125 | D:1      | Learned a level 1 spell: Magic Dart
  8444 | D:9      | Reached **** piety under Okawaru
  8708 | D:9      | Found a staircase to the Lair.
  9148 | D:9      | Received a gift from Okawaru
  9273 | D:9      | Found a staircase to the Orcish Mines.
  9449 | D:10     | Found a runed translucent gate.
  9450 | D:10     | Found a runed translucent gate.
  9450 | D:10     | Noticed feta's ghost (journeyman FoFi)
  9451 | D:10     | Found a runed translucent gate.
  9477 | D:10     | Killed feta's ghost
  9477 | D:10     | Reached skill level 10 in Axes
  9477 | D:10     | Reached XP level 11. HP: 74/99 MP: 16/16
  9626 | D:10     | Reached skill level 5 in Evocations
  9816 | D:10     | Reached ***** piety under Okawaru
  9863 | D:10     | Reached skill level 10 in Fighting
  9891 | D:11     | Noticed a six-headed hydra
  9904 | D:10     | Slain by a ten-headed hydra

Skill      XL: |  1  2  3  4  5  6  7  8  9 10 11 |
---------------+----------------------------------+-----
Axes           | 3 4 5 7 8 10 | 10.4
Fighting       | 4 5 6 8 9 10 | 10.0
Throwing       | 1 2 3 |  3.0
Dodging        | 1 2 3 4 |  4.0
Spellcasting   | 1 2 3 |  3.9
Shields        | 4 |  4.0
Evocations     | 1 2 3 4 5 |  5.0
Armour         | 4 5 6 |  6.7
Invocations    | 1 3 4 6 |  6.2
Translocations | 1 2 3 |  3.9

Action                   |  1- 3 |  4- 6 |  7- 9 | 10-12 || total
-------------------------+-------+-------+-------+-------++-------
Melee: War axe           |    64 |   182 |   368 |   103 ||   717
       Hand axe          |       |       |       |   250 ||   250
Invok: Heroism           |       |       |     6 |    11 ||    17
       Finesse           |       |       |       |     1 ||     1
Evoke: Wand              |       |       |     2 |     1 ||     3
  Use: Scroll            |       |     8 |     5 |     2 ||    15
       Potion            |       |     1 |     9 |     8 ||    18
  Eat: Chunk             |       |     6 |     7 |     7 ||    20
       Ration            |       |       |     2 |     1 ||     3
Armor: Scale mail        |    32 |    58 |   119 |    95 ||   304
       Chain mail        |       |       |    49 |       ||    49
Dodge: Dodged            |    21 |    64 |   118 |   149 ||   352
Block: Shield            |    33 |    91 |   208 |    44 ||   376
       Buckler           |       |       |       |    43 ||    43
